 Dungeon Crawl Stone Soup version 0.30-a0-371-gad7725a93e (webtiles) character file.

Game seed: 9177710267419371123

228386 Maxmaps the Swashbuckler (level 19, -19/154 HPs)
             Began as a Gnoll Monk on Nov 21, 2022.
             Was a High Priest of Cheibriados.
             Shot with an arrow by a deep elf archer (24 damage)
             ... on level 2 of the Elven Halls.
             The game lasted 01:20:24 (45536 turns).

Maxmaps the Swashbuckler (Gnoll Monk)              Turns: 45536, Time: 01:20:25

Health: -19/154    AC: 28    Str: 31    XL:     19   Next: 41%
Magic:  36/36      EV: 26    Int: 34    God:    Cheibriados [*****.]
Gold:   3409       SH:  0    Dex: 28    Spells: 32/44 levels left

rFire   + + .      SeeInvis +    U - +5 broad axe (freeze)
rCold   + . .      Faith    .    P - +0 buckler of the Ecumenical Temple {rElec}
rNeg    + + .      Spirit   .    p - +3 ring mail of Bedevilment {rN+ Str-2 SInv}
rPois   +          Reflect  +    I - +3 helmet "Kioxep" {Int+4 Stlth+}
rElec   +          Harm     .    J - +2 cloak {rCorr}
rCorr   +          Rampage  .    H - +2 pair of gloves {Str+3}
Will    +....                    s - +0 pair of boots
Stlth   +++.......               T - amulet of Waovobb {Reflect rF++ rN+ SH+5}
HPRegen 0.45/turn                V - +4 ring of protection
MPRegen 0.25/turn                k - ring "Riuhiq" {rElec rPois rC+ Str+6}

@: confused, studying 2 skills, very slow
A: fangs 1, strong nose, distributed training
}: 1/15 runes: gossamer
a: Renounce Religion, Bend Time, Temporal Distortion, Slouch, Step From Time


You were on level 2 of the Elven Halls.
You worshipped Cheibriados.
Cheibriados was extremely pleased with you.
You visited 7 branches of the dungeon, and saw 33 of its levels.
You also visited: Ossuary and Gauntlet.

You collected 5034 gold pieces.
You spent 1625 gold pieces at shops.

Inventory:

Hand Weapons
 e - a +0 vorpal double sword
 w - a +4 war axe of flaming
 U - a +5 broad axe of freezing (weapon)
Missiles
 B - 7 throwing nets (quivered)
Armour
 p - the +3 ring mail of Bedevilment (worn) {rN+ Str-2 SInv}
   (You found it on level 2 of the Dungeon)

   Str:       It affects your strength (-2).
   rN:        It protects you from negative energy.
   SInv:      It lets you see invisible.
 s - a +0 pair of boots (worn)
 H - a +2 pair of gloves of strength (worn)
 I - the +3 helmet "Kioxep" (worn) {Int+4 Stlth+}
   (You found it on level 2 of the Shoals)

   Int:       It affects your intelligence (+4).
   Stlth:     It makes you more stealthy.
 J - a +2 cloak of preservation (worn)
 M - a scarf of resistance
 P - the +0 buckler of the Ecumenical Temple (worn) {rElec}
   (You bought it in a shop on level 1 of the Elven Halls)

   rElec:     It insulates you from electricity.
Jewellery
 i - a ring of poison resistance
 k - the ring "Riuhiq" (right hand) {rElec rPois rC+ Str+6}
   (You bought it in a shop on level 2 of the Orcish Mines)

   [ring of strength]

   Str:       It affects your strength (+6).
   rC:        It protects you from cold.
   rElec:     It insulates you from electricity.
   rPois:     It protects you from poison.
 q - a ring of protection from cold
 O - a ring of resist corrosion
 T - the amulet of Waovobb (around neck) {Reflect rF++ rN+ SH+5}
   (You found it in a Gauntlet)

   [amulet of reflection]

   It reflects blocked missile attacks.
   rF:        It greatly protects you from fire.
   rN:        It protects you from negative energy.
   SH:        It affects your SH (+5).
 V - a +4 ring of protection (left hand)
 W - a ring of flight
Wands
 r - a wand of flame (52)
 u - a wand of polymorph (4)
 z - a wand of roots (58)
 F - a wand of mindburst (21)
 K - a wand of acid (17)
 Q - a wand of digging (8)
 Y - a wand of charming (13)
Scrolls
 b - 3 scrolls of magic mapping
 f - 3 scrolls of brand weapon
 l - 6 scrolls of amnesia
 o - 8 scrolls of teleportation
 v - 2 scrolls of silence
 y - 3 scrolls of poison
 A - a scroll of summoning
 E - 6 scrolls of enchant armour
 G - 2 scrolls of blinking
 L - 5 scrolls of butterflies
 S - a scroll of enchant weapon
 Z - a scroll of fear
Potions
 c - 8 potions of ambrosia
 d - 4 potions of might
 g - 4 potions of flight
 h - 3 potions of resistance
 j - 10 potions of curing
 m - 3 potions of invisibility
 n - 5 potions of berserk rage
 t - 3 potions of brilliance
 x - 7 potions of mutation
 C - 2 potions of magic
 D - 7 potions of attraction
 N - 8 potions of lignification
Miscellaneous
 R - a phial of floods
 X - a tin of tremorstones (2/2)


   Skills:
 + Level 14.8 Fighting
 + Level 15.7 Short Blades
 + Level 14.8 Long Blades
 + Level 13.4 Axes
 + Level 13.4 Maces & Flails
 + Level 13.4 Polearms
 + Level 13.4 Staves
 + Level 13.4 Ranged Weapons
 + Level 13.4 Throwing
 + Level 13.4 Armour
 + Level 14.8 Dodging
 + Level 14.1 Stealth
 + Level 13.4 Shields
 + Level 13.4 Unarmed Combat
 + Level 13.4 Spellcasting
 + Level 11.4 Conjurations
 + Level 13.7 Hexes
 + Level 11.4 Summonings
 + Level 11.4 Necromancy
 + Level 11.4 Translocations
 + Level 11.4 Transmutations
 + Level 11.4 Fire Magic
 + Level 11.4 Ice Magic
 + Level 11.4 Air Magic
 + Level 11.4 Earth Magic
 + Level 11.4 Poison Magic
 + Level 14.6 Invocations
 + Level 13.4 Evocations


You had 32 spell levels left.
You knew the following spells:

 Your Spells              Type           Power      Damage    Failure   Level
a - Sting                 Tmut/Pois      100%       1d8       1%          1
b - Fireball              Conj/Fire      39%        3d16      1%          5
c - Iron Shot             Conj/Erth      39%        9d8       4%          6

Your spell library contained the following spells:

 Spells                   Type           Power      Damage    Failure   Level
 Apportation              Tloc           100%       N/A       1%          1
 Freeze                   Ice            100%       1d10      1%          1
 Magic Dart               Conj           100%       1d8       1%          1
 Necrotise                Necr           100%       1d9       1%          1
 Summon Small Mammal      Summ           100%       N/A       1%          1
 Blink                    Tloc           100%       N/A       1%          2
 Cigotuvi's Dreadful Rot  Necr/Pois/Air  100%       N/A       1%          2
 Ensorcelled Hibernation  Hex/Ice        100%       N/A       1%          2
 Momentum Strike          Conj/Tloc      100%       3d10      1%          2
 Passwall                 Tmut/Erth      65%        N/A       1%          2
 Poisonous Vapours        Pois/Air       100%       N/A       1%          2
 Searing Ray              Conj           100%       2d8       1%          2
 Sublimation of Blood     Necr           79%        N/A       1%          2
 Wereblood                Tmut           79%        N/A       1%          2
 Frozen Ramparts          Ice            100%       1d16      1%          3
 Hailstorm                Conj/Ice       79%        3d16      1%          3
 Inner Flame              Hex/Fire       83%        N/A       1%          3
 Lesser Beckoning         Tloc           100%       N/A       1%          3
 Portal Projectile        Hex/Tloc       100%       N/A       1%          3
 Spider Form              Tmut/Pois      79%        N/A       1%          3
 Stone Arrow              Conj/Erth      100%       3d13      1%          3
 Swiftness                Air            79%        N/A       1%          3
 Tukima's Dance           Hex            86%        N/A       1%          3
 Anguish                  Hex/Necr       41%        N/A       1%          4
 Animate Armour           Summ/Erth      100%       N/A       1%          4
 Cause Fear               Hex            43%        N/A       1%          4
 Flame Wave               Conj/Fire      79%        2d17      1%          4
 Fulminant Prism          Conj/Hex       41%        3d19      1%          4
 Olgreb's Toxic Radiance  Pois           79%        N/A       1%          4
 Sticky Flame             Conj/Fire      79%        2d9       1%          4
 Agony                    Necr           79%        N/A       1%          5
 Blade Hands              Tmut           39%        N/A       1%          5
 Iskenderun's Battlesphe  Conj           79%        2d13      1%          5
 Conjure Ball Lightning   Conj/Air       39%        3x3d14    4%          6
 Eringya's Noxious Bog    Tmut/Pois      39%        N/A       4%          6
 Simulacrum               Ice/Necr       39%        N/A       4%          6
 Summon Cactus Giant      Summ           39%        N/A       4%          6
 Orb of Destruction       Conj           39%        9d11      22%         7
 Summon Hydra             Summ           39%        N/A       22%         7
 Discord                  Hex            43%        N/A       54%         8
 Borgnjor's Revivificati  Necr           39%        N/A       86%         8
 Lehudib's Crystal Spear  Conj/Erth      39%        10d10     86%         8


Dungeon Overview and Level Annotations

Branches:
Dungeon (15/15)            Temple (1/1) D:6            Lair (5/5) D:9
 Shoals (4/4) Lair:2       Spider (4/4) Lair:2        Slime (0/5) Lair:4
    Orc (2/2) D:10            Elf (2/3) Orc:2        Vaults (0/5) D:14
 Depths (0/4) D:15        Ossuary (visited)         Gauntlet (visited)

Altars:
Ashenzari
Cheibriados
Dithmenos
Elyvilon
Fedhas
Gozag
Hepliaklqana
Kikubaaqudgha
Makhleb
Nemelex Xobeh
Okawaru
Qazlal
Ru
Sif Muna
Trog
Uskayaw
Vehumet
Wu Jian
Xom
Yredelemnul
Zin
The Shining One
Jiyva
Lugonu

Shops:
D:1 (   D:3 *   D:5 (=([   Orc:2 (=[**   Elf:1 :[

Portals:
Abyss: Lair:5 Shoals:2

Annotations:
D:8 1 runed translucent door, Taurus's ghost, novice MiFi
Shoals:1 Roxanne
Shoals:2 1 runed translucent door
Elf:2 1 exclusion
Abyss:1 Psyche


Innate Abilities, Weirdness & Mutations

You have very sharp teeth.
Your uncanny sense of smell can sniff out nearby items.
Your experience applies equally to all skills.


Message History

You easily resist.
You're too confused to move!
The deep elf archer points at you and mumbles some strange words.
You easily resist.
You're too confused to move!
The deep elf archer shoots an arrow.
The arrow misses you.
The deep elf archer shoots an arrow.
The arrow barely misses you.
The deep elf archer shoots an arrow.
The arrow barely misses you.
The deep elf archer shoots an arrow.
The arrow misses you.
The deep elf archer shoots an arrow.
The arrow completely misses you.
The deep elf archer shoots an arrow.
The arrow completely misses you.
You feel less confused.
The deep elf archer shoots an arrow.
The arrow hits you.
* * * LOW HITPOINT WARNING * * *
The deep elf archer shoots an arrow.
The arrow completely misses you.
The deep elf archer gestures at you while chanting.
You are confused.
The deep elf archer gestures at you while chanting.
You easily resist.
The deep elf archer gestures at you while chanting.
You easily resist.
The deep elf archer shoots an arrow.
The arrow hits you!
* * * LOW HITPOINT WARNING * * *
The deep elf archer shoots an arrow.
The arrow misses you.
The deep elf archer gestures at you while chanting.
You are more confused.
The deep elf archer shoots an arrow.
The arrow hits you!
* * * LOW HITPOINT WARNING * * *
The deep elf archer shoots an arrow.
The arrow hits you but does no damage.
You feel much better.
The deep elf archer shoots an arrow.
The arrow hits you!
* * * LOW HITPOINT WARNING * * *
The deep elf archer casts a spell at you.
You easily resist.
The deep elf archer shoots an arrow.
The arrow hits you!
* * * LOW HITPOINT WARNING * * *
The deep elf archer shoots an arrow.
The arrow hits you!
* * * LOW HITPOINT WARNING * * *
The deep elf archer shoots an arrow.
The arrow hits you.
* * * LOW HITPOINT WARNING * * *
The deep elf archer shoots an arrow.
The arrow hits you!!
You die...

########## **##* #
##........## #########...*
###..........###....e....#,*
.#............##@##.#.#$#..*
.......).......'....).....#*
.....).........####.#.#>#.#
...............# *......,∆*
...............# ##.#.#.#∆*
...........e...# *........*
...............#**#.#,#.###
.........).....+,,.##**##
.#))..........##*,.*


You could see 2 deep elf archers.

Vanquished Creatures
  Mara (Spider:4)
  Arachne (Spider:3)
  Rupert (D:14)
  Kirke (Lair:4)
  A kraken (Shoals:3)
  Frances (Shoals:1)
  A storm dragon (Elf:1)
  A tengu reaver (D:14)
  6 emperor scorpions
  An iron dragon (Elf:1)
  A ghost moth (Spider:2)
  An orc warlord (Orc:2)
  A broodmother (Spider:4)
  6 spark wasps
  A deep elf demonologist (Elf:1)
  A minotaur (Gauntlet)
  Azrael (D:15)
  Snorg (D:14)
  A deep elf death mage (Elf:1)
  A merfolk javelineer (Shoals:1)
  A green death (Gauntlet)
  3 entropy weavers
  4 merfolk impalers
  A crystal guardian (D:14)
  4 deep elf high priests
  Harold (D:11)
  Josephine (Lair:5)
  6 hydras
  2 ice dragons (Elf:1)
  An ogre mage (D:14)
  A jorogumo (Spider:2)
  4 centaur warriors
  A catoblepas (Lair:5)
  2 radroaches (Spider:3)
  3 merfolk avatars
  A radroach (shapeshifter) (D:14)
  8 boulder beetles
  2 merfolk aquamancers
  9 two-headed ogres
  12 dancing weapons
  A satyr (Shoals:3)
  A deep troll earth mage (D:12)
  2 death scarabs (Gauntlet)
  12 death yaks (Lair:5)
  8 orc high priests
  4 thrashing horrors (Lair:5)
  Nergalle (Lair:2)
  12 deep elf knights
  Sonja (Lair:4)
  Amaemon (Lair:2)
  4 skeletal warriors (D:13)
  2 sun moths
  3 pharaoh ants
  5 sea snakes
  5 orb spiders
  8 steelbarb worms
  A wizard (D:15)
  Pikel (D:5)
  A spectral hydra (Gauntlet)
  4 orc knights
  13 deep elf archers
  13 deep elf pyromancers
  11 harpies
  A necromancer (D:15)
  13 wolf spiders
  7 orc sorcerers
  16 deep elf zephyrmancers
  6 manticores
  An oklob plant (Lair:2)
  4 fauns (Shoals:3)
  22 ugly things
  2 slime creatures (D:14)
  3 moths of wrath
  3 cyclopes
  2 merfolk sirens
  14 elephants (Lair:5)
  3 apocalypse crabs (Shoals:2)
  4 black mambas
  2 naga magi (D:15)
  10 torpor snails
  An orange demon (Lair:2)
  A smoke demon (Lair:5)
  5 water nymphs
  7 cane toads
  A cane toad (shapeshifter) (D:15)
  9 demonic crawlers
  5 gargoyles
  3 freezing wraiths
  5 kobold demonologists
  4 rime drakes
  A tengu conjurer (D:15)
  An efreet (D:14)
  10 komodo dragons
  11 merfolk
  4 trolls
  A queen bee (shapeshifter) (D:14)
  3 polar bears
  4 ancient zymes (Lair:5)
  6 meliai
  A tarantella (shapeshifter) (Elf:1)
  4 wind drakes
  19 tarantellas
  3 dream sheep (Shoals:1)
  9 snapping turtles
  28 blink frogs
  2 air elementals (Elf:1)
  A centaur simulacrum (D:15)
  11 culicivoras
  8 jumping spiders
  2 shadows
  2 spriggans (Lair:5)
  A ynoxinul (Lair:5)
  4 wyverns
  43 yaks
  5 wraiths
  3 chaos spawn (Lair:5)
  13 water elementals
  8 vampire mosquitoes
  10 basilisks
  6 small abominations (Lair:5)
  A fire elemental (Elf:1)
  5 hogs (Lair:4)
  23 redbacks
  2 steam dragons
  2 large abominations (Lair:5)
  3 wargs
  2 spectral cane toads (Gauntlet)
  3 acid dragons
  16 water moccasins
  A water moccasin (shapeshifter) (Lair:5)
  4 hell hounds (D:15)
  5 ice beasts
  4 black bears
  3 sky beasts (D:7)
  47 orc warriors
  A meliai simulacrum (D:15)
  7 ogres
  4 boggarts (D:14)
  14 wolves
  6 centaurs
  A phantom (D:6)
  3 kobold brigands
  2 lemures (D:5)
  3 elf zombies (Ossuary)
  10 bullfrogs
  4 scorpions
  4 earth elementals
  12 wights
  5 killer bees (D:10)
  11 electric eels
  3 howler monkeys
  3 centaur zombies
  2 hounds
  A human zombie (Ossuary)
  24 orc priests
  2 jellies
  A gnoll bouda (D:6)
  31 orc wizards
  A boggart zombie (D:15)
  4 hell rats (Lair:5)
  2 hound zombies (Ossuary)
  3 mummies (Ossuary)
  3 gnolls (D:6)
  6 adders
  A white imp (D:6)
  An ufetubus (D:5)
  An adder zombie (Ossuary)
  2 worms
  7 dart slugs
  79 orcs
  5 endoplasms
  4 giant cockroaches
  7 goblins
  4 hobgoblins
  3 quokkas
  4 ball pythons (D:2)
  2 bats
  4 frilled lizards
  4 goblin zombies (Ossuary)
  5 hobgoblin zombies (Ossuary)
  4 jackal zombies (Ossuary)
  16 kobolds
  3 kobold zombies (Ossuary)
  An orc zombie (Ossuary)
  6 quokka zombies
  4 rats
  6 rat zombies (Ossuary)
  3 tentacles (Shoals:3)
1059 creatures vanquished.

Vanquished Creatures (others)
  A dancing weapon (Elf:1)
  2 deep elf knights
  A deep elf pyromancer (Elf:1)
  A rime drake (shapeshifter) (D:14)
  A freezing wraith (D:14)
  A water elemental (Elf:1)
  An orc priest (Orc:2)
  An orc wizard (Orc:2)
  An orc (Elf:1)
  A kobold (D:8)
  A bush (Lair:2)
  72 fungi
  124 plants
  5 tentacles (Shoals:3)
213 creatures vanquished.

Grand Total: 1272 creatures vanquished

Notes
Turn   | Place    | Note
-------+----------+-------------------------------------------
     0 | D:1      | Maxmaps the Gnoll Monk began the quest for the Orb.
     0 | D:1      | Reached XP level 1. HP: 23/23 MP: 1/1
   171 | D:1      | Reached XP level 2. HP: 29/29 MP: 2/2
   389 | D:1      | Found Plog's Weapon Shop.
   666 | D:2      | Reached XP level 3. HP: 30/35 MP: 3/3
   780 | D:2      | Identified the +3 ring mail of Bedevilment {rN+ Str-2 SInv}
   863 | D:2      | Reached skill level 1 in Invocations
  1198 | D:2      | Reached skill level 1 in Short Blades
  1198 | D:2      | Reached skill level 1 in Axes
  1198 | D:2      | Reached skill level 1 in Maces & Flails
  1198 | D:2      | Reached skill level 1 in Polearms
  1198 | D:2      | Reached skill level 1 in Staves
  1198 | D:2      | Reached skill level 1 in Ranged Weapons
  1198 | D:2      | Reached skill level 1 in Throwing
  1198 | D:2      | Reached skill level 1 in Armour
  1198 | D:2      | Reached skill level 1 in Shields
  1198 | D:2      | Reached skill level 1 in Unarmed Combat
  1198 | D:2      | Reached skill level 1 in Spellcasting
  1198 | D:2      | Reached skill level 1 in Evocations
  1510 | D:3      | Reached XP level 4. HP: 37/41 MP: 5/5
  1615 | D:3      | Noticed a scorpion
  1628 | D:3      | Killed a scorpion
  1629 | D:3      | Reached skill level 1 in Conjurations
  1629 | D:3      | Reached skill level 1 in Hexes
  1629 | D:3      | Reached skill level 1 in Summonings
  1629 | D:3      | Reached skill level 1 in Necromancy
  1629 | D:3      | Reached skill level 1 in Translocations
  1629 | D:3      | Reached skill level 1 in Transmutations
  1629 | D:3      | Reached skill level 1 in Fire Magic
  1629 | D:3      | Reached skill level 1 in Ice Magic
  1629 | D:3      | Reached skill level 1 in Air Magic
  1629 | D:3      | Reached skill level 1 in Earth Magic
  1629 | D:3      | Reached skill level 1 in Poison Magic
  1629 | D:3      | Reached XP level 5. HP: 23/47 MP: 5/7
  1723 | D:3      | Learned a level 1 spell: Sting
  2096 | D:3      | Found Yxtuesch's Assorted Antiques.
  2196 | D:3      | Found a faded altar of an unknown god.
  2221 | D:3      | Identified the +0 leather armour of the Catfish {rC++}
  2483 | D:3      | Identified a scroll of acquirement
  2483 | D:3      | Acquired a +0 vorpal double sword
  2714 | D:4      | Noticed an ogre
  2741 | D:4      | Killed an ogre
  2742 | D:4      | Reached XP level 6. HP: 11/53 MP: 8/8
  2947 | D:4      | Reached skill level 2 in Short Blades
  3211 | D:5      | Entered Level 5 of the Dungeon
  3319 | D:5      | Found a glowing golden altar of the Shining One.
  3382 | D:5      | Found Pizoza's Armour Shoppe.
  3410 | D:5      | Found a sand-covered staircase.
  3439 | Ossuary  | Entered an ossuary
  3558 | Ossuary  | Reached XP level 7. HP: 25/60 MP: 10/10
  3775 | Ossuary  | Reached skill level 5 in Stealth
  3984 | D:5      | Noticed Pikel
  4003 | D:5      | Killed Pikel
  4004 | D:5      | Reached skill level 3 in Short Blades
  4004 | D:5      | Reached XP level 8. HP: 9/67 MP: 11/13
  4226 | D:5      | Found Xuozorph's Weapon Shop.
  4390 | D:5      | Found Itoutaf's Weapon Boutique.
  4421 | D:5      | Found Ukinuejo's Jewellery Shoppe.
  4425 | D:5      | Found a basalt altar of Yredelemnul.
  4843 | D:6      | Found a radiant altar of Vehumet.
  4882 | D:6      | Found a staircase to the Ecumenical Temple.
  4889 | D:6      | Reached XP level 9. HP: 66/73 MP: 14/14
  4910 | D:6      | Reached skill level 4 in Short Blades
  4930 | Temple   | Entered the Ecumenical Temple
  5243 | Temple   | Became a worshipper of Cheibriados the Contemplative
  5243 | Temple   | Reached * piety under Cheibriados
  5243 | Temple   | Reached ** piety under Cheibriados
  6002 | D:7      | Identified the +4 robe "Put-Me-On" {Int+3}
  6078 | D:7      | Reached skill level 5 in Invocations
  6312 | D:7      | Found a blossoming altar of Fedhas.
  6370 | D:7      | Found a white marble altar of Elyvilon.
  6370 | D:7      | Found a glowing silver altar of Zin.
  6752 | D:8      | Reached skill level 5 in Short Blades
  6752 | D:8      | Reached skill level 5 in Axes
  6752 | D:8      | Reached skill level 5 in Maces & Flails
  6752 | D:8      | Reached skill level 5 in Polearms
  6752 | D:8      | Reached skill level 5 in Staves
  6752 | D:8      | Reached skill level 5 in Ranged Weapons
  6752 | D:8      | Reached skill level 5 in Throwing
  6752 | D:8      | Reached skill level 5 in Armour
  6752 | D:8      | Reached skill level 5 in Shields
  6752 | D:8      | Reached skill level 5 in Unarmed Combat
  6752 | D:8      | Reached skill level 5 in Spellcasting
  6752 | D:8      | Reached skill level 5 in Evocations
  6764 | D:8      | Reached *** piety under Cheibriados
  6765 | D:8      | Reached XP level 10. HP: 74/81 MP: 17/17
  6928 | D:8      | Found a runed translucent door.
  6932 | D:8      | Identified the +4 spear "Tormentor" {elec, Str+5 Dex+2}
  6933 | D:8      | Noticed Taurus's ghost (novice MiFi)
  7460 | D:8      | Noticed a two-headed ogre
  7467 | D:8      | Killed a two-headed ogre
  7686 | D:8      | Reached **** piety under Cheibriados
  8139 | D:8      | Identified the ring of Ynemmaosocs {Ice Int+2}
  8415 | D:9      | Noticed a green ugly thing
  8425 | D:9      | Noticed a gargoyle
  8434 | D:9      | Killed a gargoyle
  8600 | D:9      | Killed a green ugly thing
  8773 | D:9      | Found a hazy altar of Hepliaklqana.
  8775 | D:9      | Found a shimmering altar of Xom.
  8776 | D:9      | Noticed a spectral ugly thing
  8872 | D:9      | Noticed Psyche
  8886 | D:9      | Banished Psyche
  8887 | D:9      | Reached skill level 6 in Short Blades
  8919 | D:9      | Reached skill level 5 in Conjurations
  8919 | D:9      | Reached skill level 5 in Hexes
  8919 | D:9      | Reached skill level 5 in Summonings
  8919 | D:9      | Reached skill level 5 in Necromancy
  8919 | D:9      | Reached skill level 5 in Translocations
  8919 | D:9      | Reached skill level 5 in Transmutations
  8919 | D:9      | Reached skill level 5 in Fire Magic
  8919 | D:9      | Reached skill level 5 in Ice Magic
  8919 | D:9      | Reached skill level 5 in Air Magic
  8919 | D:9      | Reached skill level 5 in Earth Magic
  8919 | D:9      | Reached skill level 5 in Poison Magic
  9068 | D:9      | Reached XP level 11. HP: 86/89 MP: 20/20
  9068 | D:9      | Found a staircase to the Lair.
  9333 | D:9      | Got The Advanced Guide to Incantation
  9658 | D:9      | Found a stormy altar of Qazlal.
 10005 | D:10     | Entered Level 10 of the Dungeon
 10005 | D:10     | Found a staircase to the Orcish Mines.
 10305 | D:10     | Reached ***** piety under Cheibriados
 11273 | D:11     | Noticed a two-headed ogre
 11280 | D:11     | Killed a two-headed ogre
 11323 | D:11     | Noticed a boulder beetle
 11414 | D:11     | Killed a boulder beetle
 11523 | D:11     | Noticed a two-headed ogre
 11529 | D:11     | Killed a two-headed ogre
 11673 | D:11     | Reached skill level 10 in Fighting
 11673 | D:11     | Reached skill level 7 in Short Blades
 11673 | D:11     | Reached skill level 10 in Long Blades
 11673 | D:11     | Reached skill level 10 in Dodging
 11673 | D:11     | Reached XP level 12. HP: 97/97 MP: 21/23
 11865 | D:11     | Noticed Harold
 11884 | D:11     | Killed Harold
 12146 | D:12     | Noticed a two-headed ogre
 12154 | D:12     | Killed a two-headed ogre
 12155 | D:12     | Reached XP level 13. HP: 93/103 MP: 24/24
 12295 | D:12     | Identified the +5 quarterstaff of Caeleach {distort, rCorr
                  | Int+3 Stlth+}
 12303 | D:12     | Found the +10 dark maul {vorpal}
 12317 | D:12     | Reached skill level 8 in Short Blades
 13383 | Orc:1    | Entered Level 1 of the Orcish Mines
 13997 | Orc:2    | Entered Level 2 of the Orcish Mines
 14021 | Orc:2    | Found Lacwijeu's Overcharged Wands.
 14050 | Orc:2    | Reached ****** piety under Cheibriados
 14082 | Orc:2    | HP: 4/102 [soul eater[an orc high priest] (2)]
 14795 | Orc:2    | HP: 4/105 [orc priest/divine providence (15)]
 15538 | Orc:2    | Noticed an orc warlord
 15558 | Orc:2    | Found a staircase to the Elven Halls.
 15870 | Orc:2    | Killed an orc warlord
 15871 | Orc:2    | Reached XP level 14. HP: 40/113 MP: 25/26
 16154 | Orc:2    | Reached skill level 9 in Short Blades
 16164 | Orc:2    | Reached skill level 10 in Stealth
 16386 | Orc:2    | Found Innu's Antique Armour Emporium.
 16387 | Orc:2    | Found Aveonub's Antique Weapon Shoppe.
 16388 | Orc:2    | Found Fechos's General Store.
 16388 | Orc:2    | Found Laso's Jewellery Emporium.
 16392 | Orc:2    | Bought a scroll of identify for 22 gold pieces
 16394 | Orc:2    | Bought the ring "Riuhiq" {rElec rPois rC+ Str+6} for 979
                  | gold pieces
 16629 | D:5      | Bought a +4 war axe of flaming for 339 gold pieces
 16775 | Lair:1   | Entered Level 1 of the Lair of Beasts
 16798 | Lair:1   | Found a gate leading to a gauntlet.
 16817 | Gauntlet | Entered a Gauntlet
 16817 | Gauntlet | Found a transporter.
 16850 | Gauntlet | Found a transporter.
 16854 | Gauntlet | Found a transporter.
 16857 | Gauntlet | Found a transporter.
 16858 | Gauntlet | Found a transporter.
 16860 | Gauntlet | Found a transporter.
 16861 | Gauntlet | Noticed a reaper
 16868 | Gauntlet | Found a transporter.
 16869 | Gauntlet | Found a transporter.
 16886 | Gauntlet | Found a transporter.
 16903 | Gauntlet | Found a transporter.
 16907 | Gauntlet | Found a transporter.
 16909 | Gauntlet | Found a runed translucent door.
 16911 | Gauntlet | Found a runed translucent door.
 16915 | Gauntlet | Found a transporter.
 17081 | Gauntlet | Reached skill level 10 in Invocations
 17260 | Gauntlet | Identified the +0 cloak "Dyile" {+Inv rElec rPois Stlth+}
 17289 | Gauntlet | Identified the amulet of Waovobb {Reflect rF++ rN+ SH+5}
 17447 | Gauntlet | Got the Writings on Grisly Putrescence
 18649 | Lair:2   | Found a hole to the Spider Nest.
 18745 | Lair:2   | Noticed Amaemon
 18755 | Lair:2   | Killed Amaemon
 19166 | Lair:2   | Noticed Nergalle
 19180 | Lair:2   | Killed Nergalle
 19368 | Lair:2   | Found a staircase to the Shoals.
 20769 | Lair:4   | Noticed Sonja
 20774 | Lair:4   | Killed Sonja
 20884 | Lair:4   | Found a viscous altar of Jiyva.
 20885 | Lair:4   | Found a staircase to the Slime Pits.
 21119 | Lair:4   | Found a sacrificial altar of Ru.
 21150 | Lair:4   | Reached XP level 15. HP: 114/120 MP: 28/28
 21169 | Lair:4   | Reached skill level 10 in Short Blades
 21169 | Lair:4   | Reached skill level 10 in Axes
 21169 | Lair:4   | Reached skill level 10 in Maces & Flails
 21169 | Lair:4   | Reached skill level 10 in Polearms
 21169 | Lair:4   | Reached skill level 10 in Staves
 21169 | Lair:4   | Reached skill level 10 in Ranged Weapons
 21169 | Lair:4   | Reached skill level 10 in Throwing
 21169 | Lair:4   | Reached skill level 10 in Armour
 21169 | Lair:4   | Reached skill level 10 in Shields
 21169 | Lair:4   | Reached skill level 10 in Unarmed Combat
 21169 | Lair:4   | Reached skill level 10 in Spellcasting
 21169 | Lair:4   | Reached skill level 10 in Evocations
 21188 | Lair:4   | Noticed Kirke
 21206 | Lair:4   | Noticed a sphinx
 21221 | Lair:4   | Killed Kirke
 21699 | Lair:5   | Entered Level 5 of the Lair of Beasts
 22699 | Lair:5   | Identified the +1 leather armour of Badug {Rampage Str+4
                  | Int+4}
 22912 | Lair:5   | Noticed Josephine
 22930 | Lair:5   | Killed Josephine
 23746 | Lair:5   | Acquired 672 gold pieces
 23757 | Lair:5   | Found a corrupted altar of Lugonu.
 23757 | Lair:5   | Found a one-way gate to the infinite horrors of the Abyss.
 24124 | Lair:4   | Reached skill level 11 in Short Blades
 24266 | Lair:5   | Reached XP level 16. HP: 128/129 MP: 30/30
 25355 | D:13     | Reached skill level 10 in Hexes
 25981 | D:13     | Found a burning altar of Makhleb.
 26099 | D:14     | Noticed Rupert
 26114 | D:14     | Killed Rupert
 26266 | D:14     | Paralysed by an ogre mage for 2 turns
 26470 | D:14     | Noticed Snorg
 26482 | D:14     | Killed Snorg
 27651 | D:14     | Found a gate to the Vaults.
 27952 | D:14     | Noticed a tengu reaver
 27972 | D:14     | Killed a tengu reaver
 28143 | D:15     | Entered Level 15 of the Dungeon
 28152 | D:15     | Reached skill level 12 in Short Blades
 28270 | D:15     | Noticed Azrael
 28282 | D:15     | Killed Azrael
 29012 | D:15     | Found a staircase to the Depths.
 29285 | D:15     | Acquired 925 gold pieces
 29473 | Shoals:1 | Entered Level 1 of the Shoals
 29473 | Shoals:1 | Noticed Frances
 29488 | Shoals:1 | Killed Frances
 29831 | Shoals:1 | Reached XP level 17. HP: 116/137 MP: 32/32
 29971 | Shoals:1 | Got Sif Muna's Grimoire of Grim Impurities
 30236 | Shoals:1 | Noticed Roxanne
 30788 | Shoals:1 | Reached skill level 10 in Conjurations
 30788 | Shoals:1 | Reached skill level 10 in Summonings
 30788 | Shoals:1 | Reached skill level 10 in Necromancy
 30788 | Shoals:1 | Reached skill level 10 in Translocations
 30788 | Shoals:1 | Reached skill level 10 in Transmutations
 30788 | Shoals:1 | Reached skill level 10 in Fire Magic
 30788 | Shoals:1 | Reached skill level 10 in Ice Magic
 30788 | Shoals:1 | Reached skill level 10 in Air Magic
 30788 | Shoals:1 | Reached skill level 10 in Earth Magic
 30788 | Shoals:1 | Reached skill level 10 in Poison Magic
 31834 | Shoals:2 | Reached skill level 13 in Short Blades
 31966 | Shoals:2 | Found a runed translucent door.
 31977 | Shoals:2 | Found a corrupted altar of Lugonu.
 32186 | Shoals:2 | Identified the +3 helmet "Kioxep" {Int+4 Stlth+}
 32659 | Shoals:2 | Learned a level 5 spell: Fireball
 32666 | Shoals:2 | Learned a level 6 spell: Iron Shot
 33649 | Shoals:3 | Noticed a kraken
 33666 | Shoals:3 | Killed a kraken
 34697 | Shoals:4 | Entered Level 4 of the Shoals
 34811 | Spider:1 | Entered Level 1 of the Spider Nest
 37828 | Spider:3 | Noticed Arachne
 37838 | Spider:3 | Killed Arachne
 38061 | Spider:2 | Reached XP level 18. HP: 113/145 MP: 0/34
 38077 | Spider:2 | Reached skill level 14 in Short Blades
 39502 | Spider:4 | Entered Level 4 of the Spider Nest
 39528 | Spider:4 | Noticed Mara
 39536 | Spider:4 | Noticed Maxmaps's illusion
 39542 | Spider:4 | Killed Mara
 41419 | Spider:4 | Got a gossamer rune of Zot
 42286 | Elf:1    | Entered Level 1 of the Elven Halls
 42451 | Elf:1    | Found Jaloecefyp's Antique Armour Shoppe.
 42451 | Elf:1    | Found Ugipap's Book Emporium.
 42492 | Elf:1    | Bought a jewelled buckler for 285 gold pieces
 42492 | Elf:1    | Identified the +0 buckler of the Ecumenical Temple {rElec}
                  | (You bought it in a shop on level 1 of the Elven Halls)
 42546 | Elf:1    | Reached skill level 15 in Short Blades
 43411 | Elf:1    | Reached XP level 19. HP: 63/153 MP: 30/36
 43424 | Elf:1    | Found a runed translucent gate.
 43424 | Elf:1    | Found a runed translucent gate.
 43424 | Elf:1    | Found a runed translucent gate.
 43424 | Elf:1    | Found a runed translucent gate.
 43424 | Elf:1    | Found a runed translucent gate.
 43430 | Elf:1    | Found a runed translucent gate.
 44659 | Elf:2    | Paralysed by an air elemental for 1 turns
 45224 | Elf:2    | Identified the +6 war axe of Prudence {vorpal, Dex+3}
 45536 | Elf:2    | HP: 5/154 [deep elf archer/arrow (5)]
 45536 | Elf:2    | Shot with an arrow by a deep elf archer

Illustrated notes

Levels and vault maps discovered:
D:1:      wander_arrival_peaceful_grave, layout_loops_ring, serial_shops,
          nicolae_shop_temple_entry_statues_fountains, serial_bayou_lagoon_a,
          kennysheep_decorative_pillar
D:2:      layout_loops_cross, minmay_pentomino_z4
D:3:      layout_loops_ring, serial_shops, nicolae_shop_overgrown_old_shop,
          hellmonk_ecumenical_altar_crossroads, roderic_lattice_a
D:4:      layout_cave_pools
D:5:      layout_loops_ring, yredelemnul_altar_generic,
          nicolae_tso_carved_into_rock, serial_shops,
          nicolae_shop_advertising_works [nicolae_subvault_shop_adworks], shop,
          nicolae_shop_hallway_stairs, shop, enter_ossuary_4, uniq_pikel
D:6:      layout_basic, mainiacjoe_overflow_24_doors, minmay_temple_entry_trees
D:7:      layout_basic, fedhas_altar_4,
          chequers_temple_overflow_statue_of_worship, kennysheep_generic_room_3
D:8:      minmay_angry_zag, layout_basic, ebering_ghost_funeral_grove
D:9:      layout_loops_corners, regret_index_temple_of_mockery,
          mainiacjoe_overflow_tiny_flanked, due_lair_maze_entry_diamond,
          kennysheep_path_1, corexii_corridor_pit, minmay_diamond_spiral,
          uniq_psyche
D:10:     layout_basic, serial_rivers, chequers_serial_rivers_room_b,
          chequers_serial_rivers_small_b, chequers_serial_rivers_small_a,
          chequers_serial_rivers_room_a, chequers_serial_rivers_small_b,
          chequers_serial_rivers_micro_b, minmay_misc_feat_rows
D:11:     layout_basic, uniq_harold
D:12:     minmay_roctagon, layout_basic
D:13:     layout_basic, makhleb_altar_promises_db
D:14:     minmay_octo_star, layout_loops_cross, david_vaults_2,
          nicolae_benzene_ring, uniq_rupert, uniq_snorg
D:15:     grunt_enter_depths_magical_seal, layout_basic, fountainhead,
          kennysheep_crisscross, chequers_serial_rivers_micro_d, hex_medium,
          uniq_azrael
Temple:   nicolae_temple_figure_eight
Lair:1:   layout_loops_ring, gauntlet_entry_generic, serial_forest,
          infiniplex_forest_straight_2, infiniplex_forest_clump_tiny,
          infiniplex_forest_clump_large, infiniplex_forest_join,
          infiniplex_forest_lined_corner, infiniplex_forest_clump_tiny,
          infiniplex_forest_clump_curved, lemuel_fruit_tree, lemuel_fruit_fields
Lair:2:   layout_loops_ring, shoals_dummy_entry, spider_nest_entry_a,
          serial_bayou_pond_d, chequers_serial_rivers_small_b, uniq_amaemon,
          uniq_nergalle
Lair:3:   layout_roguey, infiniplex_staircase_pool, grunt_megastairs_5
Lair:4:   layout_regular_city, slime_entry_1, basic_altar, minivault_11,
          uniq_sonja, uniq_kirke
Lair:5:   hellmonk_lair_end_abyssal_woods, layout_cave_pods, uniq_josephine
Shoals:1: layout_shoals, uniq_frances, uniq_roxanne
Shoals:2: layout_shoals, nicolae_shoals_abyss_on_the_beach
Shoals:3: layout_shoals
Shoals:4: shoals_end_hangedman, layout_shoals
Spider:1: layout_cave_pods, drop_trap
Spider:2: layout_spider_delve, nicolae_spider_bzzzt
Spider:3: layout_spider_delve, uniq_arachne
Spider:4: hellmonk_spider_rune_bug_friends, uniq_mara
Orc:1:    layout_diamond_mine
Orc:2:    st_orc_congregation, layout_diamond_mine,
          nicolae_shop_overcharged_wands
Elf:1:    nicolae_elf_arrival_no_cutting_in_line, layout_gridlike, orc_legates,
          minmay_shoptagon
Elf:2:    nicolae_elf_blades_crystal_corner, layout_gridlike,
          grunt_ministairs_6, moated_statue, st_stairs_8, drop_trap

Skill      XL: |  1  2  3  4  5  6  7  8  9 10 11 12 13 14 15 16 17 18 19 |
---------------+----------------------------------------------------------+-----
Invocations    | 1 2 3 4 5 6 8 9 10 11 12 13 14 | 14.6
Short Blades   | 1 2 3 5 6 7 8 9 11 12 13 15 | 15.7
Axes           | 1 2 3 5 6 7 8 9 10 11 12 13 | 13.4
Maces & Flails | 1 2 3 5 6 7 8 9 10 11 12 13 | 13.4
Polearms       | 1 2 3 5 6 7 8 9 10 11 12 13 | 13.4
Staves         | 1 2 3 5 6 7 8 9 10 11 12 13 | 13.4
Ranged Weapons | 1 2 3 5 6 7 8 9 10 11 12 13 | 13.4
Throwing       | 1 2 3 5 6 7 8 9 10 11 12 13 | 13.4
Armour         | 1 2 3 5 6 7 8 9 10 11 12 13 | 13.4
Shields        | 1 2 3 5 6 7 8 9 10 11 12 13 | 13.4
Unarmed Combat | 1 2 3 5 6 7 8 9 10 11 12 13 | 13.4
Spellcasting   | 1 2 3 5 6 7 8 9 10 11 12 13 | 13.4
Evocations     | 1 2 3 5 6 7 8 9 10 11 12 13 | 13.4
Conjurations   | 1 2 3 4 5 6 7 8 9 10 11 | 11.4
Hexes          | 1 2 3 4 5 6 7 8 9 11 12 13 | 13.7
Summonings     | 1 2 3 4 5 6 7 8 9 10 11 | 11.4
Necromancy     | 1 2 3 4 5 6 7 8 9 10 11 | 11.4
Translocations | 1 2 3 4 5 6 7 8 9 10 11 | 11.4
Transmutations | 1 2 3 4 5 6 7 8 9 10 11 | 11.4
Fire Magic     | 1 2 3 4 5 6 7 8 9 10 11 | 11.4
Ice Magic      | 1 2 3 4 5 6 7 8 9 10 11 | 11.4
Air Magic      | 1 2 3 4 5 6 7 8 9 10 11 | 11.4
Earth Magic    | 1 2 3 4 5 6 7 8 9 10 11 | 11.4
Poison Magic   | 1 2 3 4 5 6 7 8 9 10 11 | 11.4
Fighting       | 7 8 9 10 11 12 13 14 | 14.8
Long Blades    | 7 8 9 10 11 12 13 14 | 14.8
Dodging        | 7 8 9 10 11 12 13 14 | 14.8
Stealth        | 5 6 7 8 9 10 11 12 13 14 | 14.1

Action                   |  1- 3 |  4- 6 |  7- 9 | 10-12 | 13-15 | 16-18 | 19-21 || total
-------------------------+-------+-------+-------+-------+-------+-------+-------++-------
Melee: Falchion          |   126 |    45 |       |       |       |       |       ||   171
       Bite              |    12 |     7 |    27 |    47 |   195 |   262 |    36 ||   586
       Punch             |     1 |     6 |     8 |     9 |       |       |       ||    24
       Double sword      |       |   102 |   255 |   353 |   943 |   366 |       ||  2019
       Unarmed           |       |       |       |     4 |     4 |       |       ||     8
       War axe           |       |       |       |       |   369 |   157 |       ||   526
       Broad axe         |       |       |       |       |       |  1013 |   200 ||  1213
 Cast: Iron Shot         |       |       |       |       |       |    42 |       ||    42
       Fireball          |       |       |       |       |       |     5 |       ||     5
Invok: Slouch            |       |       |       |       |    18 |    24 |     1 ||    43
Evoke: Wand              |       |       |       |       |       |     2 |       ||     2
  Use: Scroll            |       |    12 |     4 |     9 |     9 |    11 |     1 ||    46
       Potion            |       |     1 |       |     1 |     7 |     9 |     3 ||    21
 Stab: Sleeping          |     8 |     6 |     9 |     5 |    21 |    40 |       ||    89
       Distracted        |     1 |       |     1 |     4 |     6 |       |     3 ||    15
Armor: Robe              |     9 |       |       |       |       |       |       ||     9
       Ring mail         |    26 |    81 |   112 |   110 |   316 |   613 |    74 ||  1332
       Leather armour    |       |     2 |       |       |       |       |       ||     2
       Skin              |       |       |       |       |       |     4 |       ||     4
Dodge: Dodged            |    73 |   135 |   193 |   307 |  1205 |  1578 |   189 ||  3680
Block: Other             |       |       |    22 |    55 |       |       |       ||    77
       Buckler           |       |       |       |    63 |  1212 |  1363 |   167 ||  2805
       Reflection        |       |       |       |     7 |    18 |    53 |    37 ||   115

Table legend: (Time is in decaauts)
 A = Elapsed time spent in this place.
 B = Non-inter-level travel time spent in this place.
 C = Inter-level travel time spent in this place.
 D = Time resting spent in this place.
 E = Time spent auto-exploring this place.
 F = Levels seen in this place.
 G = Mean time per level.
                   A        B        C        D        E       F      G
               +--------+--------+--------+--------+--------+-----+--------+
         Total |  61671 |  57878 |   3793 |  13715 |  32111 |  35 | 1762.0 |
       Dungeon |  23392 |  21377 |   2015 |   3219 |  14474 |  15 | 1559.5 |
        Temple |    333 |    333 |      0 |    100 |    210 |   1 |  333.0 |
          Lair |  11805 |  10878 |    927 |   1736 |   7182 |   5 | 2361.0 |
        Shoals |   7390 |   7043 |    347 |   2514 |   2538 |   4 | 1847.5 |
   Spider Nest |   9039 |   8747 |    292 |   2589 |   4218 |   4 | 2259.8 |
  Orcish Mines |   3998 |   3808 |    190 |   1539 |   1260 |   2 | 1999.0 |
   Elven Halls |   4186 |   4166 |     20 |   1557 |   1608 |   2 | 2093.0 |
       Ossuary |    492 |    492 |      0 |    137 |    154 |   1 |  492.0 |
      Gauntlet |   1032 |   1032 |      0 |    321 |    464 |   1 | 1032.0 |
               +--------+--------+--------+--------+--------+-----+--------+

Top non-repeatable levels by time:
  Lair:5: 3840 daAuts
   Elf:1: 3371 daAuts
Shoals:2: 2830 daAuts
Spider:4: 2725 daAuts
     D:9: 2719 daAuts
    D:14: 2621 daAuts
Spider:2: 2472 daAuts
  Lair:2: 2439 daAuts
Spider:1: 2356 daAuts
   Orc:2: 2349 daAuts
     D:8: 2210 daAuts
Shoals:1: 2162 daAuts
    D:10: 2036 daAuts
  Lair:1: 1995 daAuts
Shoals:3: 1922 daAuts
